 Seeded DCSS version 0.29-a0-834-g1e95ca9f62 (webtiles) character file.

Game seed: 20220712 (custom seed)

2344 muata the Martial Artist (level 9, -6/68 HPs)
             Began as a Gnoll Transmuter on July 12, 2022.
             Mangled by an orc warrior
             ... wielding a +0 glaive
              (17 damage)
             ... on level 8 of the Dungeon.
             The game lasted 00:30:42 (8840 turns).

muata the Martial Artist (Gnoll Transmuter)         Turns: 8840, Time: 00:30:44

Health: -6/68      AC:  9    Str:  9    XL:     9   Next: 43%
Magic:  14/19      EV: 19    Int: 18    God:
Gold:   420        SH:  0    Dex: 15    Spells: 14/21 levels left

rFire   . . .      SeeInvis .   y - +2 whip (elec)
rCold   . . .      Faith    .   (no shield)
rNeg    . . .      Spirit   .   t - +2 robe of Makhleb's Hatred {Dex+3}
rPois   .          Reflect  .   (helmet currently unavailable)
rElec   .          Harm     .   w - +0 cloak
rCorr   .          Rampage  .   (no gloves)
Will    .....                   (boots currently unavailable)
Stlth   +++.......              (no amulet)
HPRegen 0.21/turn               p - +4 ring of protection
MPRegen 0.16/turn               z - +4 ring of evasion

@: appendages, wereblooded
A: horns 2, talons 2, fangs 1, strong nose, distributed training
a: End Transformation


You were on level 8 of the Dungeon.
You had temporarily grown beastly horns and talons.
You visited 1 branch of the dungeon, and saw 8 of its levels.

You collected 420 gold pieces.

Inventory:

Hand Weapons
 r - a +2 dagger of electrocution
 y - a +2 whip of electrocution (weapon)
Missiles
 a - 2 curare-tipped darts
 m - 6 boomerangs (quivered)
 A - 3 atropa-tipped darts
 B - a throwing net
Armour
 d - a +0 pair of boots (melded)
 t - the +2 robe of Makhleb's Hatred (worn) {Dex+3}
   (You found it on level 3 of the Dungeon)

   Dex:       It affects your dexterity (+3).
 u - a +0 helmet (melded)
 w - a +0 cloak (worn)
Jewellery
 p - a +4 ring of protection (left hand)
 z - a +4 ring of evasion (right hand)
Wands
 C - a wand of paralysis (6)
Scrolls
 e - 2 scrolls of poison
 f - 2 scrolls of immolation
 g - 2 scrolls of summoning
 i - a scroll of teleportation {unknown}
 j - a scroll of brand weapon {unknown}
 n - 2 scrolls of blinking {unknown}
 o - 2 scrolls of identify
 s - 2 scrolls of amnesia {unknown}
 v - a scroll of noise {unknown}
 x - a scroll of fear {unknown}
 D - a scroll of acquirement {unknown}
Potions
 b - a potion of magic {unknown}
 c - a potion of haste {unknown}
 h - 2 potions of curing
 k - a potion of flight
 l - a potion of experience {unknown}
 q - 2 potions of brilliance
 E - 2 potions of heal wounds {unknown}


   Skills:
 + Level 5.2 Fighting
 + Level 4.4 Short Blades
 + Level 4.4 Long Blades
 + Level 4.4 Axes
 + Level 4.4 Maces & Flails
 + Level 4.4 Polearms
 + Level 4.4 Staves
 + Level 4.4 Ranged Weapons
 + Level 4.4 Throwing
 + Level 4.4 Armour
 + Level 6.4 Dodging
 + Level 4.4 Stealth
 + Level 4.4 Shields
 + Level 8.0 Unarmed Combat
 + Level 6.7 Spellcasting
 + Level 3.6 Conjurations
 + Level 3.6 Hexes
 + Level 3.6 Summonings
 + Level 3.6 Necromancy
 + Level 3.6 Translocations
 + Level 5.3 Transmutations
 + Level 3.6 Fire Magic
 + Level 3.6 Ice Magic
 + Level 3.6 Air Magic
 + Level 3.6 Earth Magic
 + Level 3.6 Poison Magic
 + Level 4.8 Invocations
 + Level 4.4 Evocations


You had 14 spell levels left.
You knew the following spells:

 Your Spells              Type           Power      Damage    Failure   Level
a - Beastly Appendage     Tmut           50%        N/A       1%          1
b - Wereblood             Tmut           25%        N/A       1%          2
c - Shock                 Conj/Air       76%        1d7       2%          1
d - Spider Form           Tmut/Pois      22%        N/A       5%          3

Your spell library contained the following spells:

 Spells                   Type           Power      Damage    Failure   Level
 Apportation              Tloc           38%        N/A       2%          1
 Necrotise                Necr           76%        1d7       2%          1
 Summon Small Mammal      Summ           76%        N/A       2%          1
 Swiftness                Air            19%        N/A       8%          3
 Vampiric Draining        Necr           19%        2d7       8%          3
 Ice Form                 Ice/Tmut       22%        N/A       17%         4
 Airstrike                Air            9%         0-4+      26%         4
 Agony                    Necr           19%        N/A       56%         5
 Freezing Cloud           Conj/Ice/Air   9%         6-21      56%         5
 Simulacrum               Ice/Necr       9%         N/A       98%         6
 Polar Vortex             Ice            9%         N/A       100%        9


Dungeon Overview and Level Annotations

Branches:
Dungeon (8/15)             Temple (0/1) D:5
   Lair: D:8-11

Altars:
Cheibriados
Hepliaklqana

Shops:
D:1 :[(*:

Annotations:
D:7 Prince Ribbit


Innate Abilities, Weirdness & Mutations

You have temporarily grown beastly horns and talons.
You have very sharp teeth.
Your uncanny sense of smell can sniff out nearby items.
Your experience applies equally to all skills.


Message History

The bullfrog completely misses you.
The kobold brigand completely misses you.
The bullfrog barely misses you.
You hit the bullfrog. You claw the bullfrog. You bite the bullfrog.
The bullfrog is heavily wounded.
The bullfrog barely misses you.
The kobold brigand hits you with a +0 whip.
You completely miss the bullfrog. Your kick misses the bullfrog.
The bullfrog is heavily wounded.
The bullfrog misses you. The kobold brigand misses you.
Casting: Beastly Appendage (safe; 1% risk of failure)
Confirm with . or Enter, or press ? or * to list all spells.
Your blood is infused with primal strength.
The bullfrog closely misses you. The bullfrog completely misses you.
The kobold brigand hits you with a +0 whip!
* * * LOW HITPOINT WARNING * * *
You hit the bullfrog. Lightning courses through the bullfrog!
You feel a bit better.
You kill the bullfrog!
You howl as the wereblood boils in your veins!
You hit the kobold brigand.
You claw the kobold brigand, but do no damage.
The kobold brigand is heavily wounded.
You howl as the wereblood boils in your veins!
The kobold brigand hits you with a +0 whip.
* * * LOW HITPOINT WARNING * * *
The orc warrior completely misses you.
You closely miss the kobold brigand. Your kick misses the kobold brigand.
The kobold brigand is heavily wounded.
You howl as the wereblood boils in your veins!
The kobold brigand hits you with a +0 whip.
* * * LOW HITPOINT WARNING * * *
The orc warrior closely misses you.
You hit the kobold brigand but do no damage.
You headbutt the kobold brigand, but do no damage.
You bite the kobold brigand, but do no damage.
The kobold brigand is heavily wounded.
The kobold brigand closely misses you.
The orc warrior hits you from afar with a +0 glaive!
You die...

########
#.@....#
#.K..>.#
#.o....#
#......#
#......#
≈≈≈≈≈≈≈≈≈
##..######
∆∆#..#∆


You could see an orc warrior and a kobold brigand.

Vanquished Creatures
  Maggie (D:6)
  Eustachio (D:4)
  Edmund (D:5)
  Menkaure (D:6)
  An acid dragon (D:8)
  Duvessa (D:6)
  An orc warrior (D:7)
  2 ogres
  A phantom (D:5)
  2 bullfrogs
  A scorpion (D:6)
  A gnoll sergeant (D:7)
  Dowan (D:6)
  A water moccasin skeleton (D:3)
  The ghost of Palms the Sneak, a weakling KoEn (D:3)
  A bullfrog zombie (D:3)
  A hound (D:6)
  3 orc priests (D:7)
  A bullfrog skeleton (D:3)
  A gnoll bouda (D:5)
  3 jellies
  An iguana (D:5)
  5 orc wizards
  Natasha (D:2)
  9 adders
  13 gnolls
  A shadow imp (D:7)
  2 white imps
  3 worms
  2 dart slugs (D:2)
  22 orcs
  6 ball pythons
  4 bats
  3 endoplasms
  2 giant cockroaches
  11 goblins
  8 hobgoblins
  A quokka (D:4)
  2 frilled lizards
  10 kobolds
  3 rats
136 creatures vanquished.

Vanquished Creatures (others)
  4 fungi (D:2)
  9 plants
13 creatures vanquished.

Grand Total: 149 creatures vanquished

Notes
Turn   | Place    | Note
-------+----------+-------------------------------------------
     0 | D:1      | muata the Gnoll Transmuter began the quest for the Orb.
     0 | D:1      | Reached XP level 1. HP: 17/17 MP: 6/6
   194 | D:1      | Found Moho Ped's Assorted Antiques.
   450 | D:1      | Found Dygead's Book Emporium.
   595 | D:1      | Reached XP level 2. HP: 23/23 MP: 7/7
  1074 | D:1      | Found Duifag's Antique Weapon Shoppe.
  1080 | D:1      | Found Poest's Armour Emporium.
  1314 | D:1      | Found Loleror's Book Shoppe.
  1546 | D:2      | Reached skill level 5 in Spellcasting
  1546 | D:2      | Reached XP level 3. HP: 22/28 MP: 7/9
  1568 | D:2      | Learned a level 2 spell: Wereblood
  1570 | D:2      | Learned a level 1 spell: Shock
  1634 | D:2      | Reached skill level 1 in Invocations
  1700 | D:2      | Reached skill level 1 in Short Blades
  1700 | D:2      | Reached skill level 1 in Long Blades
  1700 | D:2      | Reached skill level 1 in Axes
  1700 | D:2      | Reached skill level 1 in Maces & Flails
  1700 | D:2      | Reached skill level 1 in Polearms
  1700 | D:2      | Reached skill level 1 in Staves
  1700 | D:2      | Reached skill level 1 in Ranged Weapons
  1700 | D:2      | Reached skill level 1 in Throwing
  1700 | D:2      | Reached skill level 1 in Armour
  1700 | D:2      | Reached skill level 1 in Stealth
  1700 | D:2      | Reached skill level 1 in Shields
  1700 | D:2      | Reached skill level 1 in Evocations
  2054 | D:2      | Reached XP level 4. HP: 34/34 MP: 11/11
  2083 | D:2      | Noticed Natasha
  2089 | D:2      | Killed Natasha
  2090 | D:2      | Reached skill level 1 in Conjurations
  2090 | D:2      | Reached skill level 1 in Hexes
  2090 | D:2      | Reached skill level 1 in Summonings
  2090 | D:2      | Reached skill level 1 in Necromancy
  2090 | D:2      | Reached skill level 1 in Translocations
  2090 | D:2      | Reached skill level 1 in Fire Magic
  2090 | D:2      | Reached skill level 1 in Ice Magic
  2090 | D:2      | Reached skill level 1 in Air Magic
  2090 | D:2      | Reached skill level 1 in Earth Magic
  2090 | D:2      | Reached skill level 1 in Poison Magic
  2392 | D:2      | Found a faded altar of an unknown god.
  2471 | D:2      | Reached XP level 5. HP: 19/40 MP: 9/12
  3051 | D:3      | Found a snail-covered altar of Cheibriados.
  3053 | D:3      | Found a hazy altar of Hepliaklqana.
  3121 | D:3      | Found a runed translucent gate.
  3121 | D:3      | Found a runed translucent gate.
  3126 | D:3      | Found a runed translucent gate.
  3127 | D:3      | Noticed Palms's ghost (weakling KoEn)
  3183 | D:3      | You fall into a shaft and drop 2 floors!
  3183 | D:5      | Entered Level 5 of the Dungeon
  3791 | D:3      | Identified the +2 robe of Makhleb's Hatred {Dex+3}
  4047 | D:3      | Killed Palms's ghost
  4051 | D:3      | Reached XP level 6. HP: 39/47 MP: 11/14
  4055 | D:3      | Reached skill level 5 in Dodging
  4331 | D:4      | Noticed Eustachio
  4716 | D:4      | Killed Eustachio
  4717 | D:4      | Reached skill level 7 in Unarmed Combat
  4717 | D:4      | Reached XP level 7. HP: 52/52 MP: 12/15
  5103 | D:5      | Noticed Edmund
  5119 | D:5      | Found a staircase to the Ecumenical Temple.
  5387 | D:5      | Killed Edmund
  5388 | D:5      | Reached XP level 8. HP: 14/60 MP: 14/16
  6143 | D:6      | Noticed Maggie
  6151 | D:6      | Killed Maggie
  6484 | D:6      | Noticed Duvessa
  6484 | D:6      | Noticed Dowan
  6503 | D:6      | Killed Duvessa
  6505 | D:6      | Killed Dowan
  6842 | D:6      | Learned a level 3 spell: Spider Form
  7065 | D:6      | Reached skill level 5 in Transmutations
  7347 | D:6      | Noticed Menkaure
  7354 | D:6      | Killed Menkaure
  7355 | D:6      | Reached XP level 9. HP: 67/67 MP: 11/18
  8185 | D:7      | Reached skill level 5 in Fighting
  8806 | D:7      | Noticed Prince Ribbit
  8826 | D:8      | Reached skill level 8 in Unarmed Combat
  8840 | D:8      | Mangled by an orc warrior

Illustrated notes

Levels and vault maps discovered:
D:1:      shiori_shiawase, layout_basic, serial_shops, shop, shop,
          nicolae_shop_statue_plus, shop, shop, kennysheep_boxes
D:2:      layout_basic, shapermc_ecumenical_altar_gd, uniq_natasha
D:3:      layout_basic, chequers_temple_overflow_statue_of_worship,
          gammafunk_ghost_necromancy, columned_hall_lemuel,
          dreamdust_princess_bridge, minmay_misc_feat_square,
          serial_bayou_pond_c
D:4:      layout_loops_ring, minmay_checkerbox, uniq_eustachio
D:5:      layout_loops_ring, minmay_temple_entry_trees,
          nicolae_concentric_dashed_squares_mild, minivault_23, uniq_edmund
D:6:      layout_basic, uniq_menkaure, uniq_maggie, uniq_duvessa
D:7:      layout_gridville, enter_bailey_5, uniq_prince_ribbit1
D:8:      cheibrodos_ideogram_h, layout_rooms

Skill      XL: |  1  2  3  4  5  6  7  8  9 |
---------------+----------------------------+-----
Spellcasting   | 5 6 |  6.7
Invocations    | 1 2 3 4 |  4.8
Short Blades   | 1 2 3 4 |  4.4
Long Blades    | 1 2 3 4 |  4.4
Axes           | 1 2 3 4 |  4.4
Maces & Flails | 1 2 3 4 |  4.4
Polearms       | 1 2 3 4 |  4.4
Staves         | 1 2 3 4 |  4.4
Ranged Weapons | 1 2 3 4 |  4.4
Throwing       | 1 2 3 4 |  4.4
Armour         | 1 2 3 4 |  4.4
Stealth        | 1 2 3 4 |  4.4
Shields        | 1 2 3 4 |  4.4
Evocations     | 1 2 3 4 |  4.4
Conjurations   | 1 2 3 |  3.6
Hexes          | 1 2 3 |  3.6
Summonings     | 1 2 3 |  3.6
Necromancy     | 1 2 3 |  3.6
Translocations | 1 2 3 |  3.6
Fire Magic     | 1 2 3 |  3.6
Ice Magic      | 1 2 3 |  3.6
Air Magic      | 1 2 3 |  3.6
Earth Magic    | 1 2 3 |  3.6
Poison Magic   | 1 2 3 |  3.6
Fighting       | 3 4 5 |  5.2
Transmutations | 4 5 |  5.3
Dodging        | 5 6 |  6.4
Unarmed Combat | 7 8 |  8.0

Action                   |  1- 3 |  4- 6 |  7- 9 || total
-------------------------+-------+-------+-------++-------
Melee: Unarmed           |    29 |       |    22 ||    51
       Bite              |     7 |    14 |    15 ||    36
       Dagger            |    61 |   137 |       ||   198
       Kick              |     3 |    13 |    25 ||    41
       Punch             |     1 |     2 |     8 ||    11
       Headbutt          |     1 |    11 |    15 ||    27
       Whip              |       |     6 |   155 ||   161
Throw: Boomerang         |       |       |     4 ||     4
 Cast: Beastly Appendage |     2 |     9 |    11 ||    22
       Wereblood         |       |     5 |     5 ||    10
       Shock             |       |    22 |    63 ||    85
       Spider Form       |       |       |     2 ||     2
  Use: Scroll            |       |       |     7 ||     7
 Stab: Sleeping          |       |     3 |     1 ||     4
Armor: Robe              |    19 |    34 |    38 ||    91
       Skin              |       |       |     3 ||     3
Dodge: Dodged            |    54 |    98 |   131 ||   283

Table legend: (Time is in decaauts)
 A = Elapsed time spent in this place.
 B = Non-inter-level travel time spent in this place.
 C = Inter-level travel time spent in this place.
 D = Time resting spent in this place.
 E = Time spent auto-exploring this place.
 F = Levels seen in this place.
 G = Mean time per level.
                   A        B        C        D        E       F      G
               +--------+--------+--------+--------+--------+-----+--------+
         Total |   8814 |   8411 |    403 |   1897 |   4952 |   8 | 1101.8 |
       Dungeon |   8814 |   8411 |    403 |   1897 |   4952 |   8 | 1101.8 |
               +--------+--------+--------+--------+--------+-----+--------+

Top non-repeatable levels by time:
     D:2: 1542 daAuts
     D:1: 1485 daAuts
     D:5: 1336 daAuts
     D:6: 1275 daAuts
     D:7: 1127 daAuts
     D:3: 1073 daAuts
     D:4: 951 daAuts
     D:8: 23 daAuts
